 Dungeon Crawl Stone Soup version 0.27-a0-277-g024f7ef292 (webtiles) character file.

Game seed: 12586205608620553646

450 Borgoz the Ruffian (level 7, 0/60 HPs)
             Began as a Ghoul Gladiator on Feb 5, 2021.
             Slain by a gnoll
             ... wielding a +0 club
              (10 damage)
             ... on level 4 of the Dungeon.
             The game lasted 00:04:04 (2995 turns).

Borgoz the Ruffian (Ghoul Gladiator)                Turns: 2995, Time: 00:04:05

Health: 0/60       AC:  4    Str: 18    XL:     7   Next: 4%
Magic:  6/6        EV: 13    Int:  3    God:
Gold:   157        SH:  0    Dex: 12    Spells: 6/6 levels left

rFire    . . .     SeeInvis .     - Unarmed
rCold    + . .     Faith    .   (no shield)
rNeg     + + +     Spirit   .   i - +1 animal skin
rPois    ∞         Reflect  .   b - +0 helmet
rElec    .         Harm     .   (no cloak)
rCorr    .         Rampage  .   (no gloves)
Will     .....                  (no boots)
Stlth    +.........             d - amulet of regeneration
HPRegen  0.00/turn              (no ring)
MPRegen  0.10/turn              (no ring)

@: no status effects
A: claws 1, cold resistance 1, negative energy resistance 3, inhibited
regeneration, torment resistance, unbreathing
a: no special abilities


You were on level 4 of the Dungeon.
You visited 1 branch of the dungeon, and saw 4 of its levels.

You collected 157 gold pieces.

Inventory:

Missiles
 c - 2 throwing nets (quivered)
Armour
 b - a +0 helmet (worn)
 i - a +1 animal skin (worn)
Jewellery
 a - an uncursed amulet of guardian spirit {unknown}
 d - an amulet of regeneration (around neck)
Scrolls
 e - 3 scrolls of identify
 f - 4 scrolls of remove curse
 g - a scroll of fog
Potions
 h - a potion of flight
 j - 2 potions of haste
 k - a potion of heal wounds


   Skills:
 + Level 4.3 Fighting
 - Level 1.7 Throwing
 + Level 3.0 Armour
 + Level 4.1 Dodging
 + Level 5.1 Unarmed Combat


You had 6 spell levels left.
You didn't know any spells.
Your spell library was empty.

Dungeon Overview and Level Annotations

Branches:
Dungeon (4/15)
 Temple: D:4-7

Altars:
Kikubaaqudgha
Qazlal
Wu Jian
Xom
Yredelemnul


Innate Abilities, Weirdness & Mutations

You thrive by killing the living.
You are immune to poison.
You have sharp fingernails.
Your flesh is cold resistant. (rC+)
You are immune to negative energy. (rN+++)
You do not regenerate when monsters are visible.
You are immune to unholy pain and torment.
You can survive without breathing.


Message History

The gnoll is moderately wounded.
The gnoll hits you with a +0 club.
You barely miss the gnoll.
The gnoll is moderately wounded.
The gnoll hits you with a +0 club!
You are too injured to fight recklessly!
You are too injured to fight recklessly!
You scratch the gnoll.
The gnoll is heavily wounded.
The gnoll hits you with a +0 club.
* * * LOW HITPOINT WARNING * * *
The gnoll hits you with a +0 club.
* * * LOW HITPOINT WARNING * * *
You are too injured to fight recklessly!
You barely miss the gnoll.
The gnoll is heavily wounded.
The gnoll hits you with a +0 club.
* * * LOW HITPOINT WARNING * * *
The gnoll hits you with a +0 club!
You die...

...... .# .<.8. #.##
###....## ...##
........##.#...
..........<.> #
...........# .#
......)g...##..#
......g@.......#
.........†.####
...........####.###.
.....$.....$.........
$.........#.###......
........###.# #.#...
.....#### #.###......
.##.#######.........#
..
#............#.####


You could see 2 gnolls.

Vanquished Creatures
  A phantom (D:4)
  2 orc priests (D:3)
  Jessica (D:2)
  Terence (D:2)
  A hound skeleton (D:4)
  Robin (D:2)
  5 gnolls
  4 adders
  4 oozes
  An adder skeleton (D:4)
  3 worms
  3 dart slugs
  20 orcs
  3 giant cockroaches (D:1)
  16 goblins
  6 hobgoblins
  11 jackals
  3 quokkas
  A ball python (D:3)
  5 bats
  7 frilled lizards
  4 kobolds
  8 rats
111 creatures vanquished.

Notes
Turn   | Place    | Note
-------+----------+-------------------------------------------
     0 | D:1      | Borgoz the Ghoul Gladiator began the quest for the Orb.
     0 | D:1      | Reached XP level 1. HP: 17/17 MP: 0/0
   113 | D:1      | Reached XP level 2. HP: 20/25 MP: 1/1
   314 | D:1      | Reached skill level 1 in Armour
   314 | D:1      | Reached XP level 3. HP: 30/30 MP: 2/2
   834 | D:1      | Found an ancient bone altar of Kikubaaqudgha.
   887 | D:2      | Found a stormy altar of Qazlal.
   991 | D:2      | Noticed Robin
  1018 | D:2      | Killed Robin
  1019 | D:2      | Reached XP level 4. HP: 35/38 MP: 3/3
  1030 | D:2      | Reached skill level 4 in Unarmed Combat
  1083 | D:2      | Noticed Jessica
  1092 | D:2      | Killed Jessica
  1118 | D:2      | Found an ornate altar of the Wu Jian Council.
  1146 | D:2      | Found a basalt altar of Yredelemnul.
  1238 | D:2      | Reached XP level 5. HP: 45/45 MP: 4/4
  1254 | D:2      | Found a broken altar of Ashenzari.
  1256 | D:2      | Found an ornate altar of the Wu Jian Council.
  1256 | D:2      | Found a bloodstained altar of Trog.
  1259 | D:2      | Found a shimmering altar of Xom.
  1259 | D:2      | Found a sparkling altar of Nemelex Xobeh.
  1259 | D:2      | Found an iron altar of Okawaru.
  1349 | D:2      | Noticed Terence
  1366 | D:2      | Killed Terence
  1983 | D:3      | Reached XP level 6. HP: 46/52 MP: 5/5
  2867 | D:4      | Reached skill level 5 in Unarmed Combat
  2984 | D:4      | Reached XP level 7. HP: 59/59 MP: 6/6
  2995 | D:4      | Slain by a gnoll

Illustrated notes

Levels and vault maps discovered:
D:1:      dpeg_arrival_lava_altar, layout_loops_ring, minmay_pentomino_p4
D:2:      layout_loops_ring, nzn_wu_jian_contemplation, lemuel_crystal_altar,
          yredelemnul_altar_generic, doesnt_xom_only_xom, chequers_arboretum,
          uniq_jessica, uniq_terence, uniq_robin
D:3:      minmay_door_path, layout_loops_ring
D:4:      layout_rooms, okawaru_trees_1, minmay_temple_entry_nine_rooms,
          serial_shops, shop_statue

Skill      XL: |  1  2  3  4  5  6 |
---------------+-------------------+-----
Armour         | 1 2 3 |  3.0
Dodging        | 3 4 |  4.1
Fighting       | 3 4 |  4.3
Unarmed Combat | 4 5 |  5.1
Throwing       | |  1.7

Action                   |  1- 3 |  4- 6 |  7- 9 || total
-------------------------+-------+-------+-------++-------
Melee: Unarmed           |    95 |   265 |    10 ||   370
       Punch             |     1 |     5 |       ||     6
Throw: Throwing net      |       |     3 |       ||     3
  Use: Potion            |     1 |       |       ||     1
       Scroll            |       |     6 |       ||     6
 Stab: Sleeping          |       |     2 |       ||     2
       Held in net/web   |       |     1 |       ||     1
Armor: Leather armour    |    30 |     6 |       ||    36
       Animal skin       |       |    38 |     4 ||    42
Dodge: Dodged            |    50 |   191 |     7 ||   248

Table legend: (Time is in decaauts)
 A = Elapsed time spent in this place.
 B = Non-inter-level travel time spent in this place.
 C = Inter-level travel time spent in this place.
 D = Time resting spent in this place.
 E = Time spent auto-exploring this place.
 F = Levels seen in this place.
 G = Mean time per level.
                   A        B        C        D        E       F      G
               +--------+--------+--------+--------+--------+-----+--------+
         Total |   2965 |   2895 |     70 |    290 |   1962 |   4 |  741.2 |
       Dungeon |   2965 |   2895 |     70 |    290 |   1962 |   4 |  741.2 |
               +--------+--------+--------+--------+--------+-----+--------+

Top non-repeatable levels by time:
     D:3: 1074 daAuts
     D:1: 880 daAuts
     D:2: 866 daAuts
     D:4: 143 daAuts
